 Dungeon Crawl Stone Soup version 0.29-a0-321-gf1c400731a (webtiles) character file.

Game seed: 12226426992706925006

8 Flugslaktarn the Vexing (level 2, 22/23 HPs)
             Began as a Palentonga Enchanter on Apr 2, 2022.
             Was a Follower of Kikubaaqudgha.
             Quit the game on level 1 of the Dungeon.
             The game lasted 00:00:50 (182 turns).

Flugslaktarn the Vexing (Palentonga Enchanter)       Turns: 182, Time: 00:00:50

Health: 22/23      AC:  4    Str: 11    XL:     2   Next: 0%
Magic:  5/5        EV:  9    Int: 15    God:    Kikubaaqudgha [*.....]
Gold:   14         SH:  0    Dex: 10    Spells: 5/5 levels left

rFire   . . .      SeeInvis +   a - +1 dagger
rCold   . . .      Faith    .   (no shield)
rNeg    . . .      Spirit   .   b - +0 robe
rPois   .          Reflect  .   (no helmet)
rElec   .          Harm     .   (no cloak)
rCorr   .          Rampage  .   (no gloves)
Will    .....                   (no barding)
Stlth   ++........              (no amulet)
HPRegen 0.07/turn               (no ring)
MPRegen 0.09/turn               (no ring)

@: no status effects
A: large, rugged brown scales 3, see invisible, deformed body, roll 1, armoured
tail
a: Rolling Charge, Renounce Religion, Receive Corpses


You were on level 1 of the Dungeon.
You worshipped Kikubaaqudgha.
Kikubaaqudgha was aware of your devotion.
You visited 1 branch of the dungeon, and saw 2 of its levels.

You collected 14 gold pieces.

Inventory:

Hand Weapons
 a - a +1 dagger (weapon)
Armour
 b - a +0 robe (worn)
Magical Staves
 d - a staff of fire
   (You found it on level 1 of the Dungeon)
Scrolls
 e - a scroll of magic mapping {unknown}
 f - a scroll of summoning {unknown}
Potions
 c - 2 potions of invisibility
 g - 2 potions of curing {unknown}


   Skills:
 + Level 1.6 Fighting
 - Level 1.0 Short Blades
 - Level 1.5 Dodging
 - Level 2.0 Stealth
 - Level 2.0 Spellcasting
 - Level 3.0 Hexes


You had 5 spell levels left.
You didn't know any spells.
Your spell library contained the following spells:

 Spells                   Type           Power      Damage    Failure   Level
 Ensorcelled Hibernation  Hex/Ice        12%        N/A       19%         2
 Confusing Touch          Hex            10%        N/A       19%         3
 Tukima's Dance           Hex            10%        N/A       19%         3
 Animate Skeleton         Necr           2%         N/A       22%         1
 Pain                     Necr           4%         1d4       22%         1
 Corpse Rot               Necr/Air       2%         N/A       32%         2
 Dazzling Flash           Conj/Hex       12%        N/A       34%         3
 Vampiric Draining        Necr           1%         2d6       54%         3


Dungeon Overview and Level Annotations

Branches:
Dungeon (2/15)

Altars:
Kikubaaqudgha


Innate Abilities, Weirdness & Mutations

You are completely covered in rugged brown scales. (AC +3, +7% HP)
You have supernaturally acute eyesight. (SInv)
Armour fits poorly on your strangely shaped body.
You can roll at nearby foes to attack.
You have a long armoured tail.


Message History

The bat hits you but does no damage. The bat hits you but does no damage.
You hit the bat. You tail-slap the bat.
You kill the bat!
No target in view!
f - a scroll labelled METIEL KOSOAFF A goblin comes into view.
It is wielding a +0 club.
The goblin shouts!
You don't know any spells.
Okay, then.
Roll where?
Press: ? - help, Dir - move target, f - goblin
Aim: a goblin, wielding a +0 club You roll forward with a clatter of scales!
You barely miss the goblin.
You hear a shout!
The goblin closely misses you.
You hit the goblin but do no damage.
Your tail-slap misses the goblin.
The goblin hits you but does no damage.
You hit the goblin.
You kill the goblin!
Your Fighting skill increases to level 1!
A goblin comes into view. It is wielding a +0 dagger.
Things that are here:
a +0 club; a goblin corpse
Found an escape hatch in the floor.
Roll where?
Press: ? - help, Dir - move target, f - goblin
Aim: a goblin, wielding a +0 dagger You roll forward with a clatter of scales!
Found a leather armour and a whip.
You closely miss the goblin. The goblin hits you but does no damage.
You barely miss the goblin. The goblin hits you but does no damage.
You closely miss the goblin. The goblin hits you but does no damage.
You hit the goblin. You tail-slap the goblin.
You kill the goblin!
g - a glowing grey potion You see here a +0 dagger.
Found a stone staircase leading down.
There is a stone staircase leading down here.
You climb downwards.
There is a stone staircase leading up here.
A kobold comes into view. It is wielding a +0 dagger.
The kobold shouts!
Roll where?
Press: ? - help, Dir - move target, f - kobold
Aim: a kobold, wielding a +0 dagger You roll forward with a clatter of scales!
Found a glowing grey potion.
You hit the kobold.
The kobold is severely wounded.
The kobold hits you with a +0 dagger.
You hit the kobold.
You kill the kobold!
Things that are here:
a +0 dagger; a kobold corpse
g - 2 glowing grey potions (gained 1)
You open the door.
Found a stone staircase leading up.
There is an open door here.
There is a stone staircase leading up here.
You climb upwards.
Found 14 stones.
There is a stone staircase leading down here.
A bat comes into view.
Found 10 gold pieces.
The helpless rat fails to defend itself.
You puncture the rat!
You kill the rat!
The bat barely misses you. The bat attacks as you move away!
The bat hits you but does no damage.
A bat comes into view.
Found a faded altar of an unknown god.
The bat hits you but does no damage.
You hit the bat but do no damage.
Your tail-slap misses the bat.
The bat hits you but does no damage. The bat barely misses you.
You hit the bat.
You kill the bat!
You have reached level 2!
You enter the shallow water.
Moving in this stuff is going to be slow.
You closely miss the bat.
Your tail-slap misses the bat.
The bat hits you but does no damage. The bat barely misses you.
You see here 10 gold pieces.
You now have 14 gold pieces (gained 10).
The bat barely misses you.
You enter the shallow water.
Moving in this stuff is going to be slow.
The bat barely misses you. The bat hits you but does no damage. x2
The bat hits you but does no damage. The bat hits you.
The bat barely misses you.
There is a faded altar of an unknown god here.
You cannot tell which god this altar belongs to.
Convert to them anyway?
Kikubaaqudgha accepts your prayer! Kikubaaqudgha welcomes you!
You can now receive cadavers from Kikubaaqudgha.
Kikubaaqudgha grants you a gift!
You add the spells Animate Skeleton, Pain, Corpse Rot and Vampiric Draining to your library.
Are you sure you want to abandon this character and quit the game? (Confirm with "yes".)

......... ...............#..#
........
....#......#...........#
......#
#..≈≈..≈≈.≈≈..#.#.>.....
......#
#≈.≈≈≈.≈.≈..≈≈.........#
......#
.≈.≈≈≈≈≈≈≈≈≈.≈.##.######
......# ..≈≈≈≈≈≈≈≈≈≈≈.......#
......# ...≈≈≈≈≈≈≈≈≈≈..##.#.#
..........≈.≈≈≈≈♣≈≈≈≈≈..##.#...
............≈≈≈.@.≈≈≈.≈.##.#
##.
###........≈≈≈≈≈.≈≈≈≈≈..##.# #
........≈≈≈≈≈≈≈≈≈≈...##.#
........≈≈≈≈≈≈≈≈≈≈≈..#
.......≈≈≈≈≈≈≈≈≈≈≈≈≈## ..)
...≈.≈≈≈..≈.≈.# #≈............#
########.#.#.##


There were no monsters in sight!

Vanquished Creatures
  2 goblins (D:1)
  2 kobolds
  2 bats (D:1)
  2 rats (D:1)
8 creatures vanquished.

Notes
Turn   | Place    | Note
-------+----------+-------------------------------------------
     0 | D:1      | Flugslaktarn the Palentonga Enchanter began the quest for
                  | the Orb.
     0 | D:1      | Reached XP level 1. HP: 13/13 MP: 3/3
   111 | D:1      | Reached skill level 1 in Fighting
   167 | D:1      | Found a faded altar of an unknown god.
   170 | D:1      | Reached XP level 2. HP: 23/23 MP: 5/5
   181 | D:1      | Prayed at the altar of an unknown god.
   181 | D:1      | Became a worshipper of Kikubaaqudgha
   181 | D:1      | Reached * piety under Kikubaaqudgha
   181 | D:1      | Received a gift from Kikubaaqudgha
   182 | D:1      | Quit the game

Illustrated notes

Levels and vault maps discovered:
D:1:      co_arrival_random_square_maze, layout_basic,
          chequers_ecumenical_altar_island
D:2:      layout_basic, serial_shops, nicolae_shop_stone, shop, shop, shop,
          nicolae_shop_behind_doors, item_on_display_a

Skill      XL: |  1 |
---------------+----+-----
Fighting       | 1 |  1.6
Short Blades   | |  1.0
Dodging        | |  1.5
Stealth        | |  2.0
Spellcasting   | |  2.0
Hexes          | |  3.0

Action                   || total
-------------------------++-------
Melee: Dagger            ||    23
       Tailslap          ||     2
 Abil: Rolling Charge    ||     3
 Stab: Sleeping          ||     1
Armor: Robe              ||    16
Dodge: Dodged            ||     9

Table legend: (Time is in decaauts)
 A = Elapsed time spent in this place.
 B = Non-inter-level travel time spent in this place.
 C = Inter-level travel time spent in this place.
 D = Time resting spent in this place.
 E = Time spent auto-exploring this place.
 F = Levels seen in this place.
 G = Mean time per level.
                   A        B        C        D        E       F      G
               +--------+--------+--------+--------+--------+-----+--------+
         Total |    183 |    183 |      0 |      0 |      0 |   2 |   91.5 |
       Dungeon |    183 |    183 |      0 |      0 |      0 |   2 |   91.5 |
               +--------+--------+--------+--------+--------+-----+--------+

Top non-repeatable levels by time:
     D:1: 152 daAuts
     D:2: 30 daAuts
